 Dungeon Crawl Stone Soup version 0.19.5 (webtiles) character file.

28 Reinor the Cutter (level 2, 0/16 HPs)
             Began as a Spriggan Abyssal Knight on Mar 22, 2017.
             Was a Follower of Lugonu.
             Slain by a leopard gecko (3 damage)
             ... on level 2 of the Dungeon.
             The game lasted 00:04:37 (987 turns).

Reinor the Cutter (Spriggan Abyssal Knight)          Turns: 987, Time: 00:04:38

Health: 0/16       AC:  3    Str:  8    XL:     2   Next: 96%
Magic:  4/4        EV: 18    Int: 13    God:    Lugonu [*.....]
Gold:   16         SH:  0    Dex: 15    Spells: 0 memorised, 1 level left

rFire  . . .     SeeInvis +     a - +1 short sword
rCold  . . .     Gourm    .     b - +0 robe
rNeg   . . .     Faith    .     (shield restricted)
rPois  .         Spirit   .     (helmet restricted)
rElec  .         Reflect  .     (no cloak)
rCorr  .         Harm     .     (gloves unavailable)
MR     .....                    (boots unavailable)
Stlth  +.........               (no amulet)
                                (no ring)
                                i - +1 ring of protection

@: very quick
A: unfitting armour, see invisible, herbivore 3, speed 3, slow metabolism 2
a: Depart the Abyss, Renounce Religion


You were on level 2 of the Dungeon.
You worshipped Lugonu.
Lugonu was aware of your devotion.
You were not hungry.

You visited 1 branch of the dungeon, and saw 2 of its levels.
You visited the Abyss 1 time.

You collected 16 gold pieces.

Inventory:

Hand Weapons
 a - a +1 short sword (weapon)
Armour
 b - a +0 robe (worn)
Jewellery
 i - a +1 ring of protection (left hand)
Scrolls
 e - a scroll of random uselessness {unknown}
 h - 3 scrolls of teleportation {unknown}
Potions
 d - 2 potions of curing
 g - a potion of mutation {unknown}
Comestibles
 c - 2 bread rations
 f - a royal jelly


   Skills:
 - Level 2.4 Fighting
 + Level 3.8 Short Blades
 - Level 3.5 Dodging
 - Level 1.7 Invocations


You had one spell level left.
You didn't know any spells.

Dungeon Overview and Level Annotations

Branches:
Dungeon (2/15)

Altars:


Innate Abilities, Weirdness & Mutations

You are very small and have problems with some larger weapons.
You are too small for most types of armour.
You have supernaturally acute eyesight. (SInv)
You are a herbivore.
You cover ground extremely quickly.
You need consume almost no food.


Message History

You hit the worm.
You kill the worm!
Lugonu accepts your kill. The adder closely misses you. The adder bites you.
You are lethally poisoned!
The adder poisons you!
* * * LOW HITPOINT WARNING * * *
You feel sick.
The leopard gecko hisses angrily.
You see here a worm corpse.
Unknown command.
You feel better. The adder closely misses you.
You closely miss the adder. The adder barely misses you.
You hit the adder but do no damage. The adder completely misses you.
You barely miss the adder. The adder bites you. x2
* * * LOW HITPOINT WARNING * * *
You barely miss the adder. The leopard gecko closely misses you.
The adder closely misses you.
You closely miss the adder. The leopard gecko bites you.
You die...

#... .? ... .
#...###..#..##.
#.........[...
#............# ##.
..#... #.#..## ...
#.##.###$#...###
.#.####.#...#..#.....##
......................#
.#...#.....##..S@..####
................l..#
.................#%#
.....<......?....#.#
#.#..............# #
#..............#
#.....#..##(......
########.##.#..... #..
.#....


You could see an adder and a leopard gecko.

Vanquished Creatures
  An adder (D:1)
  A worm (D:2)
  A leopard gecko (D:1)
  A giant cockroach (D:2)
  2 goblins (D:1)
  3 hobgoblins (D:1)
  A ball python (D:1)
  A bat (D:1)
  2 frilled lizards (D:1)
  2 kobolds (D:1)
  A rat (D:1)
16 creatures vanquished.

Notes
Turn   | Place    | Note
-------+----------+-------------------------------------------
     0 | Abyss:1  | Reinor the Spriggan Abyssal Knight began the quest for the Orb.
     0 | Abyss:1  | Reached XP level 1. HP: 11/11 MP: 3/3
    84 | Abyss:1  | Noticed a small abomination
   109 | Abyss:1  | Noticed a ynoxinul
   153 | Abyss:1  | Noticed an ancient zyme
   162 | Abyss:1  | Noticed a large abomination
   163 | D:1      | Escaped the Abyss
   403 | D:1      | Reached XP level 2. HP: 16/16 MP: 4/4
   845 | D:1      | Reached * piety under Lugonu
   987 | D:2      | Slain by a leopard gecko

Skill      XL: |  1 |
---------------+----+-----
Short Blades   | 3 |  3.8
Fighting       | |  2.4
Dodging        | |  3.5
Invocations    | |  1.7

Action                   || total
-------------------------++-------
Melee: Short sword       ||    57
Invok: Depart the Abyss  ||     1
  Use: Scroll            ||     2
       Potion            ||     2
 Stab: Sleeping          ||     2
Armor: Robe              ||     4
Dodge: Dodged            ||    49
